Map: 2000 Atmospheres LE

Players

Erik

  • Race: Zerg Zerg

Kelazhur - Winner!

  • Race: Terran Terran

Event: DreamHack SC2 Masters 2021 Winter

VOD

Have the link to the VOD?

Description

Time

  • Played on: Sept. 29, 2021, 5:07 p.m.
  • Length: 14:56

All games in this series

Show
View Real Time Build Order
Export as new Build Order

Erik Zerg 

Build Orders: Hatch First 

Get SALT Encoding   

  12  0:00  Drone  
  13  0:08  Drone  
  14  0:14  Extractor  
  14  0:15  Drone  
  15  0:36  Hatchery  
  15  0:41  Extractor  
  15  0:42  Drone  
  15  0:47  Overlord  
  15  1:02  Spawning Pool  
  14  1:05  Drone  
  14  1:08  Drone  
  16  1:13  Drone  
  16  1:17  Drone  
  18  1:20  Extractor  
  17  1:29  Drone  
  18  1:42  Drone  
  19  1:48  Queen x2  
  19  1:49  Zergling x2  
  19  1:52  Drone  
  25  1:59  Drone  
  26  2:04  Overlord  
  26  2:11  Roach Warren  
  26  2:13  Drone  
  26  2:16  Drone  
  26  2:21  Drone  
  28  2:28  Burrow  
  28  2:35  Overlord  
  28  2:37  Drone  
  29  2:52  Drone  
  29  2:53  Roach x3  
  29  2:57  Drone x2  
  29  2:58  Drone  
  39  3:01  Overlord  
  39  3:05  Roach  
  40  3:10  Roach  
  42  3:17  Roach  
  42  3:19  Drone  
  46  3:20  Drone x2  
  47  3:27  Overlord  
  47  3:30  Drone x3  
  50  3:35  Queen  
  50  3:39  Roach  
  52  3:41  Overlord  
  52  3:46  Queen  
  52  3:47  Drone  
  55  3:53  Roach  
  55  3:54  Drone x2  
  55  3:55  Drone x2  
  57  4:05  Drone x3  
  58  4:15  Zergling x2  
  53  4:19  Hatchery  
  53  4:21  Extractor  
  53  4:22  Lair, Extractor  
  50  4:25  Queen  
  50  4:29  Drone x3  
  54  4:45  Extractor  
  54  4:46  Roach  
  54  4:48  Roach  
  54  4:50  Roach x4  
  65  4:58  Roach  
  65  4:59  Overlord  
  67  5:03  Hatchery  
  66  5:19  Roach  
  66  5:20  Roach  
  66  5:22  Overlord  
  66  5:26  Glial Reconstitution  
  66  5:28  Drone  
  66  5:32  Evolution Chamber  
  66  5:34  Drone, Evolution Chamber  
  66  5:35  Drone, Overlord  
  67  5:36  Overlord x3  
  67  5:42  Drone x3  
  70  5:47  Roach  
  70  5:48  Roach  
  74  5:50  Overlord x2  
  74  6:05  Zerg Missile Weapons Level 1, Zerg Ground Armor Level 1  
  74  6:07  Roach x3  
  80  6:11  Roach  
  80  6:16  Roach x4  
  90  6:22  Roach  
  92  6:27  Roach  
  92  6:28  Roach x3  
  100  6:33  Drone x2  
  100  6:35  Drone  
  100  6:39  Drone  
  104  6:43  Overlord  
  104  6:46  Roach  
  106  6:53  Roach x5  
  116  6:57  Overlord  
  116  7:01  Roach x2  
  120  7:10  Spore Crawler  
  120  7:11  Roach x2  
  120  7:12  Roach x2  
  120  7:14  Ravager  
  120  7:15  Ravager  
  129  7:16  Overlord  
  129  7:17  Ravager  
  130  7:25  Roach x3  
  130  7:26  Overlord  
  130  7:28  Overlord  
  136  7:35  Drone  
  136  7:36  Drone x4  
  141  7:37  Drone  
  141  7:39  Drone  
  141  7:40  Drone  
  142  7:55  Overlord  
  142  7:58  Roach x7  
  156  8:02  Zerg Missile Weapons Level 2  
  156  8:08  Zerg Ground Armor Level 2  
  156  8:10  Roach  
  156  8:14  Drone x2  
  156  8:15  Drone x2, Extractor  
  156  8:16  Extractor  
  158  8:20  Drone x4  
  158  8:29  Drone x2  
  158  8:30  Roach  
  160  8:35  Overlord  
  160  8:36  Roach  
  160  8:37  Roach x4  
  160  8:39  Overlord  
  170  8:55  Spore Crawler  
  169  8:56  Hatchery  
  169  8:57  Spore Crawler  
  169  8:59  Metabolic Boost  
  165  9:05  Roach  
  165  9:06  Roach x5  
  177  9:15  Ravager x4  
  177  9:25  Roach x4  
  177  9:30  Roach  
  145  9:47  Roach  
  145  9:48  Roach x11  
  169  9:58  Queen  
  169  10:05  Roach  
  169  10:06  Roach x3  
  167  10:13  Roach  
  167  10:15  Zergling x8  
  167  10:19  Ravager  
  167  10:20  Ravager x7  
  167  10:21  Ravager  
  180  10:24  Zergling x8  
  180  10:33  Zergling x12  
  181  10:41  Ravager x2  
  177  10:45  Roach x7  
  177  10:47  Overlord x2  
  189  10:54  Overlord  
  189  10:55  Overlord  
  171  11:07  Overlord  
  171  11:08  Roach x8  
  165  11:17  Roach x8  
  179  11:32  Roach x7  
  160  11:44  Roach x5  
  158  11:47  Overlord  
  139  11:55  Overlord x2  
  139  11:57  Drone x4  
  134  12:03  Drone x2  
  136  12:09  Drone x5  
  141  12:17  Zergling x2  
  141  12:18  Zergling x4  
  141  12:19  Ravager x4  
  148  12:25  Queen  
  148  12:28  Overseer  
  118  12:49  Roach x8  
  118  12:59  Drone x2  
  118  13:00  Drone x3  
  122  13:09  Queen  
  122  13:16  Drone x6  
  128  13:27  Roach  
  128  13:28  Roach x4  
  128  13:33  Drone x3  
  132  13:43  Zergling x18  
  132  13:46  Drone x12  
  133  13:55  Ravager x2  
  133  14:02  Roach x6  
  146  14:09  Overseer  
  145  14:20  Roach Warren  
  145  14:23  Roach x5  
  145  14:24  Roach x2  
  110  14:35  Roach x4  
Show
View Real Time Build Order
Export as new Build Order

Kelazhur Terran - Winner!

Build Orders:  

Get SALT Encoding   

  12  0:00  SCV  
  13  0:12  SCV  
  14  0:17  Supply Depot  
  14  0:24  SCV  
  15  0:38  SCV  
  15  0:40  Barracks  
  16  0:43  Refinery  
  16  0:50  SCV  
  17  1:03  SCV  
  18  1:15  SCV  
  19  1:27  Barracks Reactor, Orbital Command  
  19  1:38  Command Center  
  19  1:48  Supply Depot  
  19  1:53  SCV  
  20  2:03  Marine x2  
  20  2:05  SCV  
  23  2:12  Barracks  
  23  2:15  Barracks  
  23  2:17  SCV  
  24  2:24  Marine x2  
  24  2:29  SCV  
  27  2:41  SCV  
  27  2:42  Marine x2  
  30  2:51  Orbital Command  
  30  2:53  SCV  
  31  2:59  Marine x2  
  31  3:00  Barracks Tech Lab  
  33  3:05  SCV  
  33  3:08  Barracks Tech Lab  
  34  3:17  Marine x2  
  34  3:18  SCV  
  34  3:19  SCV, Stimpack, Marine  
  39  3:25  Supply Depot  
  39  3:28  Marine  
  39  3:30  SCV  
  41  3:35  SCV, Bunker, Marine x2  
  41  3:37  Combat Shield  
  41  3:40  Marine  
  45  3:48  Marauder, SCV  
  48  3:53  SCV  
  48  3:59  Engineering Bay  
  47  4:04  Marine x2  
  47  4:05  SCV, Marine  
  47  4:06  SCV  
  47  4:08  Marine  
  53  4:10  Supply Depot  
  53  4:18  SCV  
  54  4:27  Terran Infantry Weapons Level 1  
  54  4:28  Supply Depot  
  54  4:31  Marine x2  
  54  4:32  SCV x2, Marine x2  
  54  4:37  Bunker  
  60  4:43  Refinery  
  60  4:44  SCV x2  
  60  4:45  Refinery  
  62  4:50  Supply Depot, Marine  
  62  4:51  Marine x3  
  66  4:56  SCV  
  66  4:57  Missile Turret, SCV  
  68  5:03  Factory  
  68  5:08  SCV  
  69  5:14  Marine  
  69  5:18  SCV  
  67  5:21  Marine x3  
  67  5:22  SCV  
  71  5:29  Refinery  
  71  5:30  SCV  
  71  5:31  Supply Depot  
  71  5:33  Marine  
  71  5:34  SCV  
  74  5:39  Marine  
  76  5:44  Marine x2  
  76  5:45  Supply Depot  
  76  5:48  Starport, Factory Reactor  
  78  5:54  Marine  
  78  5:57  Command Center  
  78  6:00  Marine  
  78  6:03  Marauder x2  
  83  6:05  Supply Depot  
  83  6:07  Concussive Shells  
  83  6:15  Supply Depot  
  83  6:16  Marine  
  83  6:18  Marine  
  85  6:24  Marauder x2  
  89  6:32  Medivac x2, Factory Tech Lab  
  93  6:40  Marine  
  93  6:41  Marine  
  93  6:46  Marauder x2  
  99  6:51  Barracks x2  
  99  6:53  Siege Tank  
  102  6:57  Terran Infantry Armor Level 1  
  102  6:59  Engineering Bay  
  102  7:00  Armory  
  102  7:01  Marine x2  
  102  7:03  SCV  
  102  7:05  SCV  
  102  7:07  Medivac  
  108  7:12  Marine x2  
  108  7:14  Orbital Command  
  108  7:15  Medivac  
  112  7:17  SCV  
  113  7:29  Marine  
  113  7:30  Marine  
  113  7:31  Siege Tank  
  113  7:32  SCV x2  
  113  7:35  Supply Depot  
  120  7:43  Supply Depot  
  121  7:44  SCV  
  119  7:52  Marauder x2  
  119  7:56  Medivac, Orbital Command  
  119  7:57  Medivac  
  126  7:59  Marine  
  126  8:00  Marine  
  126  8:01  Barracks Tech Lab  
  126  8:05  Supply Depot  
  128  8:06  Supply Depot, SCV  
  128  8:07  SCV  
  128  8:12  Siege Tank  
  133  8:19  SCV x2  
  135  8:21  Marauder x2  
  135  8:23  Barracks Reactor  
  133  8:28  Marauder, Marine x2  
  133  8:29  SCV  
  133  8:31  SCV  
  139  8:37  SCV  
  141  8:41  SCV  
  141  8:43  Marauder x2  
  141  8:45  SCV  
  141  8:48  Supply Depot, Refinery  
  146  8:51  Terran Infantry Weapons Level 2  
  146  8:52  Marine x3  
  149  9:04  Marine x2  
  149  9:05  Marauder, SCV  
  149  9:07  Siege Tank  
  157  9:11  Supply Depot  
  155  9:21  Marauder x2  
  155  9:22  Marine  
  158  9:25  Marine  
  158  9:30  Marine x2  
  158  9:31  Marauder  
  149  9:40  Marine  
  149  9:42  Marauder, Marine  
  149  9:43  Marine  
  129  9:48  Marine x2  
  129  9:52  Marauder  
  130  9:53  Terran Infantry Armor Level 2  
  130  9:58  Siege Tank, Marine  
  132  10:00  Marauder, Barracks  
  132  10:01  Marine  
  132  10:02  Medivac x2, Barracks x2  
  132  10:03  Marauder  
  132  10:05  SCV  
  132  10:06  Refinery, Marine  
  136  10:09  Marine  
  136  10:13  Marauder  
  136  10:14  SCV  
  140  10:16  Marine  
  140  10:18  Command Center  
  140  10:19  Marine  
  142  10:23  Marauder  
  142  10:26  Supply Depot  
  140  10:33  Marauder  
  140  10:43  Marauder, Marine x4  
  140  10:44  Marauder, Siege Tank  
  140  10:45  Liberator x2  
  157  10:50  Supply Depot  
  157  10:54  Marine  
  157  10:55  Marauder  
  142  11:04  Marauder  
  142  11:06  Marauder, Marine  
  142  11:07  Marine x2  
  142  11:10  Marine  
  118  11:16  Marauder, Siege Tank  
  110  11:21  Marine  
  110  11:25  Marine x2  
  108  11:26  Marauder  
  108  11:27  Marauder, Marine  
  103  11:34  Marine  
  103  11:37  Marine  
  103  11:38  Marauder  
  101  11:45  Orbital Command  
  88  11:47  Marauder  
  88  11:48  Marauder  
  88  11:50  Marine  
  85  11:59  Orbital Command  
  70  12:05  Marauder  
  70  12:15  Missile Turret  
  70  12:17  Marine  
  71  12:23  Marauder, Marine x3  
  71  12:27  SCV x2  
  71  12:28  SCV  
  74  12:38  Marauder, Marine x4  
  74  12:39  Marine  
  74  12:40  Marine  
  76  12:44  Marauder  
  76  12:49  Marine x2  
  80  12:56  Marine x2  
  80  12:57  Marauder, Siege Tank  
  85  13:04  Marine  
  85  13:05  Marauder  
  85  13:12  Orbital Command  
  85  13:17  Marauder, Medivac x2, Marine  
  92  13:25  Marauder, Marine  
  95  13:28  Marine  
  95  13:29  Siege Tank  
  95  13:30  Marine  
  95  13:32  Marine  
  98  13:42  Marine  
  98  13:43  Marauder, Marine x2  
  103  13:55  Marine  
  100  14:01  Siege Tank  
  103  14:03  Marine  
  103  14:04  Marauder, Marine x6  
  112  14:12  Medivac  
  114  14:25  Marauder  
  114  14:27  Marine  
  114  14:28  Marauder  
  114  14:30  Marine  
  105  14:37  Marine x3  

Tags
 
Add a new tag
Caveats
  • Supply blocks, unpowered buildings, or Contaminate may cause inaccurate times.
  • Supply counts are checked every 10 seconds.